 Dungeon Crawl Stone Soup version 0.29-a0-231-g945431f764 (webtiles) character file.

Game seed: 6896087644429401591

165 siradein the Shield-Bearer (level 5, -3/47 HPs)
             Began as a Minotaur Fighter on Feb 28, 2022.
             Slain by a mummy (6 damage)
             ... in an ossuary.
             The game lasted 00:06:54 (3474 turns).

siradein the Shield-Bearer (Minotaur Fighter)       Turns: 3474, Time: 00:06:55

Health: -3/47      AC:  8    Str: 23    XL:     5   Next: 21%
Magic:  4/4        EV:  9    Int:  5    God:
Gold:   153        SH:  6    Dex: 12    Spells: 4/4 levels left

rFire   . . .      SeeInvis .   a - +1 long sword
rCold   . . .      Faith    .   c - +1 buckler
rNeg    . . .      Spirit   .   b - +0 scale mail
rPois   +          Reflect  .   (helmet restricted)
rElec   .          Harm     .   k - +0 cloak
rCorr   +          Rampage  .   (no gloves)
Will    +....                   (no boots)
Stlth   ..........              y - amulet of the Dolphin {Acrobat rPois Dex+3}
HPRegen 0.15/turn               x - ring of willpower
MPRegen 0.09/turn               u - ring of resist corrosion

@: no status effects
A: horns 2, retaliatory headbutt
a: no special abilities


You were in an ossuary.
You visited 1 branch of the dungeon, and saw 4 of its levels.
You also visited: Ossuary.

You collected 153 gold pieces.

Inventory:

Hand Weapons
 a - a +1 long sword (weapon)
Missiles
 l - 3 javelins (quivered)
 t - 6 poisoned darts
Armour
 b - a +0 scale mail (worn)
 c - a +1 buckler (worn)
 k - a +0 cloak (worn)
Jewellery
 u - a ring of resist corrosion (right hand)
 v - a ring of poison resistance
 x - a ring of willpower (left hand)
 y - the amulet of the Dolphin (around neck) {Acrobat rPois Dex+3}
   (You acquired it on level 4 of the Dungeon)

   [amulet of the acrobat]

   It increases your evasion while moving and waiting.
   Dex:       It affects your dexterity (+3).
   rPois:     It protects you from poison.
Wands
 r - a wand of flame (15)
Scrolls
 e - 2 scrolls of enchant armour
 f - a scroll of acquirement
 n - 3 scrolls of teleportation
 o - a scroll of fog
 q - a scroll of enchant weapon
Potions
 d - 2 potions of might
 g - a potion of mutation {unknown}
 i - a potion of attraction {unknown}
 j - a potion of invisibility {unknown}
 m - 3 potions of curing {unknown}
 s - a potion of brilliance {unknown}


   Skills:
 + Level 4.7 Fighting
 + Level 3.9 Long Blades
 + Level 4.7 Armour
 + Level 4.8 Shields


You had 4 spell levels left.
You didn't know any spells.
Your spell library contained the following spells:

 Spells                   Type           Power      Damage    Failure   Level
 Sandblast                Erth           0%         2d4       86%         1
 Passwall                 Tmut/Erth      0%         N/A       94%         2
 Stone Arrow              Conj/Erth      0%         3d7       99%         3


Dungeon Overview and Level Annotations

Branches:
Dungeon (4/15)            Ossuary (1/1)
 Temple: D:4-7

Altars:
Elyvilon
Uskayaw

Shops:
D:2 (

Annotations:
D:3 1 runed translucent door, Cecur's ghost, amateur FoFi


Innate Abilities, Weirdness & Mutations

You have a pair of horns on your head.
You reflexively headbutt those who attack you in melee.


Message History

The hobgoblin zombie hits you but does no damage.
There is an open door here.
You hit the hobgoblin zombie but do no damage.
The hobgoblin zombie is severely damaged.
The mummy barely misses you. You furiously retaliate!
You headbutt the mummy, but do no damage.
You block the mummy's attack.
You barely miss the mummy. You headbutt the mummy!
The mummy is severely damaged.
You block the mummy's attack.
You slash the mummy!
You destroy the mummy!
You hit the mummy.
You headbutt the mummy, but do no damage.
The mummy is lightly damaged.
The mummy hits you but does no damage.
Found a scroll labelled RUUNKIXOHO and 18 gold pieces.
The mummy completely misses you.
You slash the mummy!
The mummy is severely damaged.
You block the mummy's attack.
You hit the mummy.
The mummy is severely damaged.
The mummy hits you. You block the mummy's attack.
You barely miss the mummy.
The mummy is severely damaged.
The mummy hits you!
* * * LOW HITPOINT WARNING * * *
You barely miss the mummy. You headbutt the mummy.
You destroy the mummy!
You barely miss the hobgoblin zombie.
The hobgoblin zombie is severely damaged.
The hobgoblin zombie hits you.
* * * LOW HITPOINT WARNING * * *
You block the mummy's attack.
Found 9 gold pieces.
You slash the hobgoblin zombie!
You destroy the hobgoblin zombie!
You closely miss the kobold zombie. The mummy hits you.
You die...

..##....##.....#
...............#
............MZ##
...........MZ##
#........##M#
##......##..##
##....##....##
#....#.ZZM.!##
#....#..@..?$#
#....#.....!$#
#...M#....?$$#
#....#...!!$##
#....##..?$$#
#....##..?$##
#.∩∩.###..$#
###### #####


You could see 3 mummies, a hobgoblin zombie, a gnoll zombie, a kobold zombie and
an orc zombie.

Vanquished Creatures
  3 mummies (Ossuary)
  5 adders
  4 dart slugs
  A worm (D:2)
  5 orcs (D:3)
  7 bats
  7 endoplasms
  A giant cockroach (D:2)
  7 goblins
  A hobgoblin (D:1)
  3 jackals (D:3)
  2 quokkas
  7 ball pythons
  3 frilled lizards
  2 hobgoblin zombies (Ossuary)
  6 kobolds
  A kobold zombie (Ossuary)
  An orc zombie (Ossuary)
  5 rats
71 creatures vanquished.

Vanquished Creatures (others)
  3 fungi (D:2)
  4 plants (D:2)
7 creatures vanquished.

Grand Total: 78 creatures vanquished

Notes
Turn   | Place    | Note
-------+----------+-------------------------------------------
     0 | D:1      | siradein the Minotaur Fighter began the quest for the Orb.
     0 | D:1      | Reached XP level 1. HP: 19/19 MP: 0/0
    92 | D:1      | Reached XP level 2. HP: 26/27 MP: 1/1
   766 | D:2      | Reached XP level 3. HP: 33/33 MP: 2/2
  1079 | D:2      | Found Bamoje's Antique Weapon Boutique.
  1294 | D:2      | Found a faded altar of an unknown god.
  1325 | D:2      | Reached XP level 4. HP: 6/40 MP: 3/3
  2535 | D:3      | Found a runed translucent door.
  2572 | D:3      | Found a hide-covered altar of Uskayaw.
  2788 | D:3      | Found a white marble altar of Elyvilon.
  2931 | D:3      | Noticed Cecur's ghost (amateur FoFi)
  2931 | D:3      | Noticed a necrophage
  3216 | D:4      | Identified 2 scrolls of acquirement
  3216 | D:4      | Acquired the amulet of the Dolphin {Acrobat rPois Dex+3}
  3367 | D:4      | Found a sand-covered staircase.
  3404 | Ossuary  | Entered an ossuary
  3423 | Ossuary  | Reached XP level 5. HP: 23/47 MP: 4/4
  3470 | Ossuary  | HP: 2/47 [hobgoblin zombie (2)]
  3474 | Ossuary  | Slain by a mummy

Illustrated notes

Levels and vault maps discovered:
D:1:      wander_arrival_desolate, layout_rooms, chequers_garden
D:2:      layout_loops_corners, serial_shops, shop,
          shapermc_ecumenical_altar_mp_ritualfount
D:3:      layout_loops_ring, mainiacjoe_overflow_alcove_2, elyvilon_altar_5,
          ebering_ghost_inner_flame
D:4:      layout_gridville, mainiacjoe_overflow_alcove_1, enter_ossuary_2,
          gammafunk_ghost_split, portal_sewer_entry_b
Ossuary:  ossuary_tomb_3

Skill      XL: |  1  2 |
---------------+-------+-----
Shields        | 4 |  4.8
Armour         | 4 |  4.7
Fighting       | 4 |  4.7
Long Blades    | 3 |  3.9

Action                   |  1- 3 |  4- 6 || total
-------------------------+-------+-------++-------
Melee: Long sword        |   105 |   102 ||   207
       Headbutt          |    10 |    17 ||    27
  Use: Scroll            |       |     7 ||     7
Armor: Scale mail        |    53 |    56 ||   109
Dodge: Dodged            |    45 |    75 ||   120
Block: Buckler           |    29 |    31 ||    60

Table legend: (Time is in decaauts)
 A = Elapsed time spent in this place.
 B = Non-inter-level travel time spent in this place.
 C = Inter-level travel time spent in this place.
 D = Time resting spent in this place.
 E = Time spent auto-exploring this place.
 F = Levels seen in this place.
 G = Mean time per level.
                   A        B        C        D        E       F      G
               +--------+--------+--------+--------+--------+-----+--------+
         Total |   3526 |   3451 |     75 |     30 |   2672 |   5 |  705.2 |
       Dungeon |   3450 |   3375 |     75 |     30 |   2671 |   4 |  862.5 |
       Ossuary |     76 |     76 |      0 |      0 |      1 |   1 |   76.0 |
               +--------+--------+--------+--------+--------+-----+--------+

Top non-repeatable levels by time:
     D:2: 1563 daAuts
     D:3: 1017 daAuts
     D:1: 662 daAuts
     D:4: 206 daAuts
 Ossuary: 76 daAuts
